TOP OF THE 1ST |
Salt Lake Bees batting - Pitching for Scranton WB RailRiders : RHP Ray Richards
|
Pitching: RHP Ray Richards
|
|
Batting: LHB Jack Bell
|
0-0: Called Strike 0-1: Ball 1-1: Ball 2-1: Foul Ball, location: 2F 2-2: Ball 3-2: Strikes out swinging
|
Batting: RHB Brandon Davis
|
0-0: Called Strike 0-1: Ball 1-1: Called Strike 1-2: Foul Ball, location: 2F 1-2: Strikes out swinging
|
Batting: RHB Melvin Gomez
|
0-0: Ground out 4-3 (Groundball, 34, EV 96.9 MPH)
|
Top of the 1st over - 0 runs, 0 hits, 0 errors, 0 left on base; Salt Lake 0 - Scranton WB 0 |
BOTTOM OF THE 1ST |
Scranton WB RailRiders batting - Pitching for Salt Lake Bees : RHP Jared Pollard
|
Pitching: RHP Jared Pollard
|
|
Batting: RHB Devon Utley
|
0-0: Called Strike 0-1: Ball 1-1: Ball 2-1: Ball 3-1: Fly out, F4 (Popup, 4M, EV 80.0 MPH)
|
Batting: LHB Aaron Joyner
|
0-0: Ball 1-0: Swinging Strike 1-1: Called Strike 1-2: Foul Ball, location: 2F 1-2: Ball 2-2: Ground out U3 (Groundball, 3, EV 90.6 MPH)
|
Batting: SHB Mukhtar Wa'il
|
0-0: Ball 1-0: Foul Ball, location: 2F 1-1: Foul Ball, location: 2F 1-2: SINGLE (Line Drive, 4M, EV 111.2 MPH)
|
Batting: RHB Larry Martell
|
0-0: Swinging Strike 0-1: Ball 1-1: TRIPLE (Flyball, 89XD, EV 92.5 MPH) Mukhtar Wa'il scores
|
Batting: SHB Victor Ruiz
|
0-0: Ball 1-0: Called Strike 1-1: Ball 2-1: Ball 3-1: Base on Balls
|
Batting: LHB Jose Lebron
|
0-0: Ball 1-0: Ball 2-0: Ball 3-0: Base on Balls Victor Ruiz to second
|
Batting: RHB Mike Gifford
|
0-0: Called Strike 0-1: Swinging Strike 0-2: Ball 1-2: Ball 2-2: Ball 3-2: Base on Balls Larry Martell scores Victor Ruiz to third Jose Lebron to second
|
Batting: RHB Johannes Gutermuth
|
0-0: Ball 1-0: Ball 2-0: Called Strike 2-1: Ball 3-1: Foul Ball, location: 2F 3-2: Ground out 6-3 (Groundball, 4M, EV 86.2 MPH)
|
Bottom of the 1st over - 2 runs, 2 hits, 0 errors, 3 left on base; Salt Lake 0 - Scranton WB 2 |
TOP OF THE 2ND |
Salt Lake Bees batting - Pitching for Scranton WB RailRiders : RHP Ray Richards
|
Batting: RHB Jeff Long
|
0-0: Foul Ball, location: 2F 0-1: Swinging Strike 0-2: Foul Ball, location: 2F 0-2: Ball 1-2: Foul Ball, location: 2F 1-2: Strikes out swinging
|
Batting: RHB Jimmy Buzard
|
0-0: Ball 1-0: Fly out, F7 (Flyball, 7D, EV 100.0 MPH)
|
Batting: SHB Todd Hewitt
|
0-0: SOLO HOME RUN (Flyball, 9D, EV 93.8 MPH), Distance : 361 ft
|
Batting: RHB Roberto Duron
|
0-0: Ball 1-0: DOUBLE (Line Drive, 89D, EV 106.9 MPH)
|
Batting: RHB Eric Davis
|
0-0: Ground out 6-3 (Groundball, 6, EV 88.8 MPH)
|
Top of the 2nd over - 1 run, 2 hits, 0 errors, 1 left on base; Salt Lake 1 - Scranton WB 2 |
BOTTOM OF THE 2ND |
Scranton WB RailRiders batting - Pitching for Salt Lake Bees : RHP Jared Pollard
|
Batting: RHB Jordan Barragan
|
0-0: Fly out, F9 (Flyball, 9S, EV 76.9 MPH)
|
Batting: RHB Devon Utley
|
0-0: Called Strike 0-1: Ball 1-1: Ball 2-1: Foul Ball, location: 2F 2-2: Strikes out looking
|
Batting: LHB Aaron Joyner
|
0-0: Called Strike 0-1: Foul Ball, location: 2F 0-2: SINGLE (Groundball, 13S, EV 68.1 MPH) (infield hit)
|
Batting: SHB Mukhtar Wa'il
|
0-0: Called Strike 0-1: Ball 1-1: Ball 2-1: Ball 3-1: Foul Ball, location: 2F 3-2: Strikes out looking
|
Bottom of the 2nd over - 0 runs, 1 hit, 0 errors, 1 left on base; Salt Lake 1 - Scranton WB 2 |
TOP OF THE 3RD |
Salt Lake Bees batting - Pitching for Scranton WB RailRiders : RHP Ray Richards
|
Batting: LHB Larry Prey
|
0-0: SINGLE (Flyball, 4MD, EV 90.0 MPH)
|
Batting: LHB Jack Bell
|
0-0: Called Strike Larry Prey steals 2nd base 0-1: Ground out 4-3 (Groundball, 34D, EV 103.1 MPH) Larry Prey to third
|
Batting: RHB Brandon Davis
|
0-0: Foul Ball, location: 2F 0-1: Foul Ball, location: 2F 0-2: Strikes out swinging
|
Batting: RHB Melvin Gomez
|
0-0: Foul Ball, location: 2F 0-1: Swinging Strike 0-2: Fly out, F9 (Flyball, 89S, EV 88.8 MPH)
|
Top of the 3rd over - 0 runs, 1 hit, 0 errors, 1 left on base; Salt Lake 1 - Scranton WB 2 |
BOTTOM OF THE 3RD |
Scranton WB RailRiders batting - Pitching for Salt Lake Bees : RHP Jared Pollard
|
Batting: RHB Larry Martell
|
0-0: Ball 1-0: Swinging Strike 1-1: Ball 2-1: Ball 3-1: Base on Balls
|
Batting: SHB Victor Ruiz
|
0-0: Ball Pickoff Throw to First - Out! 1-3 1-0: Called Strike 1-1: Fly out, F9 (Line Drive, 9LS, EV 89.4 MPH)
|
Batting: LHB Jose Lebron
|
0-0: Ball 1-0: Ball 2-0: Foul Ball, location: 2F 2-1: Called Strike 2-2: SINGLE (Groundball, 34D, EV 108.8 MPH) (infield hit)
|
Batting: RHB Mike Gifford
|
0-0: Called Strike 0-1: Fly out, F8 (Flyball, 89D, EV 80.6 MPH)
|
Bottom of the 3rd over - 0 runs, 1 hit, 0 errors, 1 left on base; Salt Lake 1 - Scranton WB 2 |
TOP OF THE 4TH |
Salt Lake Bees batting - Pitching for Scranton WB RailRiders : RHP Ray Richards
|
Batting: RHB Jeff Long
|
0-0: Foul Ball, location: 2F 0-1: Ball 1-1: Swinging Strike 1-2: Foul Ball, location: 2F 1-2: Ground out 5-3 (Groundball, 5, EV 91.9 MPH)
|
Batting: RHB Jimmy Buzard
|
0-0: Fly out, F8 (Flyball, 78XD, EV 105.6 MPH)
|
Batting: SHB Todd Hewitt
|
0-0: Ground out 4-3 (Groundball, 4S, EV 84.4 MPH)
|
Top of the 4th over - 0 runs, 0 hits, 0 errors, 0 left on base; Salt Lake 1 - Scranton WB 2 |
BOTTOM OF THE 4TH |
Scranton WB RailRiders batting - Pitching for Salt Lake Bees : RHP Jared Pollard
|
Batting: RHB Johannes Gutermuth
|
0-0: Ground out 4-3 (Groundball, 4S, EV 88.8 MPH)
|
Batting: RHB Jordan Barragan
|
0-0: Ball 1-0: Called Strike 1-1: Foul Ball, location: 2F 1-2: Foul Ball, location: 2F 1-2: Ball 2-2: Foul Ball, location: 2F 2-2: Foul Ball, location: 2F 2-2: Foul Ball, location: 2F 2-2: Strikes out swinging
|
Batting: RHB Devon Utley
|
0-0: Called Strike 0-1: DOUBLE (Line Drive, 89XD, EV 102.5 MPH)
|
Batting: LHB Aaron Joyner
|
0-0: Called Strike 0-1: Ball 1-1: Foul Ball, location: 2F 1-2: Fly out, F8 (Flyball, 8RM, EV 85.0 MPH)
|
Bottom of the 4th over - 0 runs, 1 hit, 0 errors, 1 left on base; Salt Lake 1 - Scranton WB 2 |
TOP OF THE 5TH |
Salt Lake Bees batting - Pitching for Scranton WB RailRiders : RHP Ray Richards
|
Batting: RHB Roberto Duron
|
0-0: Ball 1-0: Ground out 6-3 (Groundball, 6, EV 86.9 MPH)
|
Batting: RHB Eric Davis
|
0-0: Foul Ball, location: 2F 0-1: Foul Ball, location: 2F 0-2: Strikes out swinging
|
Batting: LHB Larry Prey
|
0-0: Ball 1-0: Ball 2-0: Ground out 5-3 (Groundball, 5, EV 111.2 MPH)
|
Top of the 5th over - 0 runs, 0 hits, 0 errors, 0 left on base; Salt Lake 1 - Scranton WB 2 |
BOTTOM OF THE 5TH |
Scranton WB RailRiders batting - Pitching for Salt Lake Bees : RHP Jared Pollard
|
Batting: SHB Mukhtar Wa'il
|
0-0: Hit by Pitch
|
Batting: RHB Larry Martell
|
0-0: Ball 1-0: Ball 2-0: Called Strike 2-1: Called Strike 2-2: Foul Ball, location: 2F 2-2: Ball 3-2: Base on Balls Mukhtar Wa'il to second
|
Batting: SHB Victor Ruiz
|
0-0: Foul Ball, location: 2F 0-1: Swinging Strike 0-2: Ball 1-2: Foul Ball, location: 2F 1-2: Strikes out looking
|
Pitching: RHP Adam Durant
|
|
Batting: LHB Jose Lebron
|
0-0: Called Strike 0-1: DOUBLE (Line Drive, 78D, EV 100.0 MPH) Mukhtar Wa'il scores Larry Martell to third
|
Batting: RHB Mike Gifford
|
0-0: Foul Ball, location: 2F 0-1: DOUBLE (Line Drive, 3D, EV 108.1 MPH) Larry Martell scores Jose Lebron scores
|
Batting: RHB Johannes Gutermuth
|
0-0: Ball 1-0: Ball 2-0: Ground out 4-3 (Groundball, 4MS, EV 87.5 MPH) Mike Gifford to third
|
Batting: RHB Jordan Barragan
|
0-0: Called Strike 0-1: Foul Ball, location: 2F 0-2: Foul Ball, location: 2F 0-2: Foul Ball, location: 2F 0-2: Ball 1-2: Fly out, F8 (Flyball, 8LS, EV 71.9 MPH)
|
Bottom of the 5th over - 3 runs, 2 hits, 0 errors, 1 left on base; Salt Lake 1 - Scranton WB 5 |
TOP OF THE 6TH |
Salt Lake Bees batting - Pitching for Scranton WB RailRiders : RHP Ray Richards
|
Batting: LHB Jack Bell
|
0-0: Called Strike 0-1: Ball 1-1: Fly out, F7 (Flyball, 7, EV 96.2 MPH)
|
Batting: RHB Brandon Davis
|
0-0: SINGLE (Line Drive, 89M, EV 108.8 MPH)
|
Batting: RHB Melvin Gomez
|
0-0: Ball 1-0: Called Strike 1-1: Ball 2-1: Ball 3-1: Called Strike 3-2: Foul Ball, location: 2F 3-2: Base on Balls Brandon Davis to second
|
Batting: RHB Jeff Long
|
0-0: Foul Ball, location: 2F 0-1: Swinging Strike 0-2: Ball 1-2: Ball 2-2: Foul Ball, location: 2F 2-2: Grounds into double play, 6-4-3 (Groundball, 6M, EV 97.5 MPH)
|
Top of the 6th over - 0 runs, 1 hit, 0 errors, 1 left on base; Salt Lake 1 - Scranton WB 5 |
BOTTOM OF THE 6TH |
Scranton WB RailRiders batting - Pitching for Salt Lake Bees : RHP Adam Durant
|
Batting: RHB Devon Utley
|
0-0: Swinging Strike 0-1: Reached on error, E5 (Groundball, 5, EV 100.0 MPH)
|
Batting: LHB Aaron Joyner
|
0-0: Called Strike Devon Utley steals 2nd base 0-1: Foul Ball, location: 2F 0-2: Foul Ball, location: 2F 0-2: SINGLE (Groundball, 6M, EV 81.9 MPH) (infield hit) Devon Utley to third
|
Batting: SHB Mukhtar Wa'il
|
0-0: Called Strike 0-1: 3-RUN HOME RUN (Flyball, 89XD, EV 116.2 MPH), Distance : 454 ft
|
Pitching: RHP Travis Tovey
|
|
Batting: RHB Larry Martell
|
0-0: Foul Ball, location: 2F 0-1: Swinging Strike 0-2: Ball 1-2: Ball 2-2: Strikes out swinging
|
Batting: SHB Victor Ruiz
|
0-0: SINGLE (Groundball, 34D, EV 96.2 MPH)
|
Batting: LHB Jose Lebron
|
0-0: Ball 1-0: SINGLE (Groundball, 5L, EV 106.9 MPH) (infield hit) Victor Ruiz to second
|
Pinch Runner at 1st Edwin Dominguez:
|
|
Batting: RHB Mike Gifford
|
0-0: Ball 1-0: Swinging Strike 1-1: Grounds into double play, 5-4-3 (Groundball, 5, EV 108.8 MPH)
|
Bottom of the 6th over - 3 runs, 4 hits, 1 error, 1 left on base; Salt Lake 1 - Scranton WB 8 |
TOP OF THE 7TH |
Salt Lake Bees batting - Pitching for Scranton WB RailRiders : RHP Ray Richards
|
Now at 1B: Edwin Dominguez
|
|
Batting: RHB Jimmy Buzard
|
0-0: Ground out 5-3 (Groundball, 56S, EV 75.6 MPH)
|
Batting: SHB Todd Hewitt
|
0-0: Swinging Strike 0-1: Fly out, F8 (Flyball, 78S, EV 80.0 MPH)
|
Pinch Hitting: RHB Juan Rosa
|
0-0: Ball 1-0: Fly out, F8 (Flyball, 8RD, EV 93.1 MPH)
|
Top of the 7th over - 0 runs, 0 hits, 0 errors, 0 left on base; Salt Lake 1 - Scranton WB 8 |
BOTTOM OF THE 7TH |
Scranton WB RailRiders batting - Pitching for Salt Lake Bees : RHP Travis Tovey
|
Now in LF: Kian-tat Chen
|
|
Batting: RHB Johannes Gutermuth
|
0-0: Ball 1-0: Ball 2-0: Ball 3-0: Called Strike 3-1: Called Strike 3-2: SINGLE (Groundball, 34D, EV 95.0 MPH)
|
Batting: RHB Jordan Barragan
|
0-0: Called Strike 0-1: Swinging Strike 0-2: Strikes out looking
|
Batting: RHB Devon Utley
|
0-0: Called Strike 0-1: Foul Ball, location: 2F 0-2: Ball 1-2: Ball 2-2: Grounds into double play, 6-4-3 (Groundball, 6, EV 89.4 MPH)
|
Bottom of the 7th over - 0 runs, 1 hit, 0 errors, 0 left on base; Salt Lake 1 - Scranton WB 8 |
TOP OF THE 8TH |
Salt Lake Bees batting - Pitching for Scranton WB RailRiders : RHP Ray Richards
|
Batting: RHB Eric Davis
|
0-0: Called Strike 0-1: Ground out 2-3 (Groundball, 2L, EV 69.4 MPH)
|
Batting: LHB Larry Prey
|
0-0: Ball 1-0: Foul Ball, location: 2F 1-1: Swinging Strike 1-2: Ball 2-2: Foul Ball, location: 2F 2-2: Strikes out swinging
|
Batting: LHB Jack Bell
|
0-0: Called Strike 0-1: Called Strike 0-2: Ball 1-2: Ball 2-2: Ground out 4-3 (Groundball, 4MS, EV 83.1 MPH)
|
Top of the 8th over - 0 runs, 0 hits, 0 errors, 0 left on base; Salt Lake 1 - Scranton WB 8 |
BOTTOM OF THE 8TH |
Scranton WB RailRiders batting - Pitching for Salt Lake Bees : RHP Travis Tovey
|
Batting: LHB Aaron Joyner
|
0-0: Ball 1-0: Called Strike 1-1: Ball 2-1: Swinging Strike 2-2: Ball 3-2: Foul Ball, location: 2F 3-2: Foul Ball, location: 2F 3-2: Foul Ball, location: 2F 3-2: Strikes out looking
|
Batting: SHB Joe Fure
|
0-0: Ball 1-0: Called Strike 1-1: Ball 2-1: Ground out 5-3 (Groundball, 56, EV 89.4 MPH)
|
Batting: RHB Larry Martell
|
0-0: Foul Ball, location: 2F 0-1: Ball 1-1: Swinging Strike 1-2: Foul Ball, location: 2F 1-2: Ball 2-2: Foul Ball, location: 2F 2-2: Strikes out swinging
|
Bottom of the 8th over - 0 runs, 0 hits, 0 errors, 0 left on base; Salt Lake 1 - Scranton WB 8 |
TOP OF THE 9TH |
Salt Lake Bees batting - Pitching for Scranton WB RailRiders : RHP Ray Richards
|
Batting: RHB Brandon Davis
|
0-0: Ball 1-0: SINGLE (Groundball, 6M, EV 102.5 MPH) (infield hit)
|
Batting: RHB Melvin Gomez
|
0-0: Ball 1-0: Ball 2-0: Foul Ball, location: 2F 2-1: Ball 3-1: Base on Balls Brandon Davis to second
|
Batting: RHB Jeff Long
|
0-0: Foul Ball, location: 2F 0-1: Swinging Strike 0-2: Ball 1-2: Ball 2-2: Strikes out swinging
|
Pitching: RHP Leo Gonzales
|
|
Batting: RHB Jimmy Buzard
|
0-0: Called Strike 0-1: 3-RUN HOME RUN (Flyball, 9D, EV 101.2 MPH), Distance : 375 ft
|
Batting: SHB Todd Hewitt
|
0-0: Ball 1-0: Ball 2-0: SINGLE (Flyball, 56D, EV 85.0 MPH)
|
Batting: RHB Kian-tat Chen
|
0-0: Foul Ball, location: 2F 0-1: Called Strike 0-2: Ball 1-2: Ball 2-2: Strikes out swinging
|
Batting: RHB Eric Davis
|
0-0: Ball 1-0: Called Strike 1-1: Foul Ball, location: 2F 1-2: Ball 2-2: Fly out, F8 (Flyball, 8RS, EV 86.9 MPH)
|
Top of the 9th over - 3 runs, 3 hits, 0 errors, 1 left on base; Salt Lake 4 - Scranton WB 8 |
|